 Dungeon Crawl Stone Soup version 0.19-a0-611-gb5a7e8d (webtiles) character file.

105 Gospel the Gusty (level 4, -2/34 (35) HPs)
             Began as a Ghoul Air Elementalist on June 12, 2016.
             Was an Initiate of Makhleb.
             Slain by a worker ant (6 damage)
             ... on level 5 of the Dungeon.
             The game lasted 00:14:59 (4050 turns).

Gospel the Gusty (Ghoul Air Elementalist)           Turns: 4050, Time: 00:15:00

HP:   -2/34 (35)    AC:  2    Str: 11    XL:     4   Next: 83%
MP:   0/6           EV: 12    Int: 11    God:    Makhleb [......]
Gold: 106           SH:  0    Dex:  9    Spells: 1 memorised, 7 levels left

rFire  . . .     SeeInvis .     q - +1 rapier
rCold  + . .     Gourm    .     a - +0 robe
rNeg   + + +     Faith    .     (no shield)
rPois  ∞         Spirit   .     (no helmet)
rElec  .         Dismiss  .     (no cloak)
rCorr  +         Reflect  .     (no gloves)
SustAt .         Harm     .     (no boots)
MR     .....                    (no amulet)
Stlth  ++........               (no ring)
                                h - ring of resist corrosion

@: rotting, not resistant to hostile enchantments, unstealthy
A: rotting body, claws 1, carnivore 3, cold resistance 1, negative energy
resistance 3, slow regeneration 1, torment resistance, unbreathing
a: Renounce Religion


You were on level 5 of the Dungeon.
You worshipped Makhleb.
Makhleb was noncommittal.
You were not hungry.

You visited 1 branch of the dungeon, and saw 5 of its levels.

You collected 106 gold pieces.

Inventory:

Hand Weapons
 q - a +1 rapier (weapon)
Armour
 a - a +0 robe (worn)
Jewellery
 h - a ring of resist corrosion (left claw)
Scrolls
 d - a scroll of random uselessness
 e - 2 scrolls of identify
 j - 3 scrolls of remove curse {unknown}
 m - a scroll of fear
 n - a scroll of fog {unknown}
 o - a scroll of enchant armour {unknown}
Potions
 i - a potion of berserk rage
 k - a potion of cure mutation {unknown}
 l - 2 potions of degeneration {unknown}
Books
 b - a book of Air

   Spells                             Type                      Level
   a - Shock                          Conjuration/Air              1
   b - Swiftness                      Charms/Air                   2
   c - Repel Missiles                 Charms/Air                   2
   d - Static Discharge               Conjuration/Air              3
   e - Lightning Bolt                 Conjuration/Air              5
Comestibles
 c - a meat ration
 f - 2 beef jerkies
 g - a slice of pizza


   Skills:
 * Level 1.4 Fighting
 - Level 1.7 Dodging
 - Level 2.1 Stealth
 + Level 2.5 Spellcasting
 + Level 1.9 Conjurations
 + Level 3.2 Air Magic


You had 7 spell levels left.
You knew the following spells:

 Your Spells              Type           Power        Failure   Level  Hunger
a - Shock                 Conj/Air       #...         12%         1    ##.....


Dungeon Overview and Level Annotations

Branches:
Dungeon (5/15)
 Temple: D:4-7

Altars:
Elyvilon
Makhleb
Pakellas
Yredelemnul

Annotations:
D:4 mkbehr's ghost, amateur KoHu


Innate Abilities, Weirdness & Mutations

Your body is rotting away.
You thrive on raw meat.
You are immune to poison.
You have sharp fingernails.
You are carnivorous and can eat meat at any time.
Your flesh is cold resistant. (rC+)
You are immune to negative energy. (rN+++)
You regenerate slowly when monsters are visible.
You are immune to unholy pain and torment.
You can survive without breathing.


Message History

Press: ? - help, Shift-Dir - straight line, f/p - worker ant
Aim: a worker ant (severely wounded)
The zap hits the worker ant.
The worker ant is severely wounded.
The worker ant barely misses you. The worker ant bites you.
* * * LOW HITPOINT WARNING * * *
Your magical contamination has completely faded away.
Found a club.
The worker ant closely misses you.
Casting: Shock
Confirm with . or Enter, or press ? or * to list all spells.
Aiming: Shock
Press: ? - help, Shift-Dir - straight line, f/p - worker ant
Aim: a worker ant (severely wounded)
The zap hits the worker ant.
The worker ant is severely wounded.
The worker ant closely misses you.
You swing at nothing.
The worker ant bites you.
You die...

####.####### #.#
..##.# #######.#
#.##.# #.......#
#.##.######.#####.#
............#####.#
#.##........##....#
#.##........##.##.#
#...........##.##.#
####...........a@.#
#.......###.####
#.....>.# #.#
######### #.# #.)
##. .# .#


You could see a worker ant.

Vanquished Creatures
  A worker ant zombie (D:5)
  3 adders
  2 oozes (D:3)
  2 dart slugs
  4 giant geckos
  6 giant cockroaches
  8 goblins
  3 hobgoblins
  11 bats
  3 giant newts
  5 kobolds
  4 rats
  A spectral orc (D:2)
53 creatures vanquished.

Notes
Turn   | Place    | Note
--------------------------------------------------------------
     0 | D:1      | Gospel the Ghoul Air Elementalist began the quest for the Orb.
     0 | D:1      | Reached XP level 1. HP: 14/14 MP: 2/2
   113 | D:1      | Reached skill level 1 in Conjurations
   367 | D:1      | Reached XP level 2. HP: 20/20 MP: 0/3
  1163 | D:1      | Reached XP level 3. HP: 15/26 MP: 0/5
  1881 | D:2      | Found an oddly glowing altar of Pakellas.
  1986 | D:2      | Reached skill level 3 in Air Magic
  1998 | D:2      | Found a burning altar of Makhleb.
  2011 | D:2      | Became a worshipper of Makhleb the Destroyer
  2180 | D:2      | Found a white marble altar of Elyvilon.
  2335 | D:2      | Found a basalt altar of Yredelemnul.
  3007 | D:3      | Reached XP level 4. HP: 31/34 MP: 0/6
  3385 | D:3      | Reached skill level 1 in Fighting
  3683 | D:4      | Noticed mkbehr's ghost (amateur KoHu)
  3742 | D:5      | Entered Level 5 of the Dungeon
  4050 | D:5      | Slain by a worker ant

Vault maps used:
D:1:      noname_arrival_rooms_in_the_neighbourhood, minivault_4
D:2:      old_standard_altar, nicolae_overflow_crystal_walls,
          yredelemnul_forgotten_temple_becter, bloody_makhleb
D:4:      lemuel_doored_altar, uniq_edmund
D:5:      lemuel_crystal_altar, grunt_temple_overflow_cloverleaf, first_bread,
          uniq_crazy_yiuf_cottage

Skill      XL: |  1  2  3  4 |
---------------+-------------+-----
Conjurations   | 1 |  1.9
Spellcasting   | 2 |  2.5
Air Magic      | 3 |  3.2
Fighting       | 1 |  1.4
Dodging        | |  1.7
Stealth        | |  2.1

Action                   |  1- 3 |  4- 6 || total
-------------------------+-------+-------++-------
Melee: Unarmed           |    82 |     6 ||    88
       Rapier            |       |    14 ||    14
 Cast: Shock             |    95 |    39 ||   134
  Use: Scroll            |       |     5 ||     5
       Potion            |       |     2 ||     2
  Eat: Chunk             |    10 |     6 ||    16
Armor: Robe              |    20 |     3 ||    23
Dodge: Dodged            |    67 |    29 ||    96
